 Dungeon Crawl Stone Soup version 0.28.0-1-gb440e238dd (webtiles) character file.

Game seed: 5487798891551030473

49412 Peloso the Fencer (level 14, -5/132 HPs)
             Began as a Minotaur Fighter on Feb 25, 2022.
             Was the Champion of Okawaru.
             Slain by an orc warrior (15 damage)
             ... on level 2 of the Orcish Mines.
             The game lasted 00:41:58 (24509 turns).

Peloso the Fencer (Minotaur Fighter)               Turns: 24509, Time: 00:41:58

Health: -5/132     AC: 28    Str: 33    XL:     14   Next: 15%
Magic:  20/22      EV: 13    Int:  5    God:    Okawaru [******]
Gold:   2835       SH: 14    Dex: 16    Spells: 13/13 levels left

rFire   . . .      SeeInvis .   a - +7 long sword of the Twelve Mice {drain, Dex+5}
rCold   . . .      Faith    .   c - +0 buckler
rNeg    + . .      Spirit   .   o - +0 plate armour {rN+}
rPois   .          Reflect  +   h - +2 hat
rElec   .          Harm     .   F - +0 cloak
rCorr   +          Rampage  .   m - +0 pair of gloves
Will    ++...                   T - +1 pair of boots {Stlth+}
Stlth   ..........              p - amulet "Veisal" {Reflect Str+6 SH+5}
HPRegen 0.32/turn               R - ring of resist corrosion
MPRegen 0.18/turn               X - ring of Polytheism {Will+ MP+9 Str+2}

@: lethally poisoned (-5 -> -6), heroic
A: horns 2, retaliatory headbutt
a: Renounce Religion, Heroism, Finesse, Duel


You were on level 2 of the Orcish Mines.
You worshipped Okawaru.
Okawaru was exalted by your worship.
You visited 4 branches of the dungeon, and saw 19 of its levels.
You also visited: Sewer and Ice Cave.

You collected 2835 gold pieces.

Inventory:

Hand Weapons
 a - the +7 long sword of the Twelve Mice (weapon) {drain, Dex+5}
   (You found it on level 3 of the Dungeon)

   A truly terrible weapon, it drains the life of any living foe it strikes.
   Dex:       It affects your dexterity (+5).
 b - a +4 scimitar of flaming
Armour
 c - a +0 buckler (worn)
 d - a +1 chain mail of willpower
 h - a +2 hat (worn)
 m - a +0 pair of gloves (worn)
 o - a +0 plate armour of positive energy (worn)
 F - a +0 cloak (worn)
 T - a +1 pair of boots of stealth (worn)
Jewellery
 j - a ring of ice
 p - the amulet "Veisal" (around neck) {Reflect Str+6 SH+5}
   (You found it in an ice cave)

   [amulet of reflection]

   It reflects blocked missile attacks.
   Str:       It affects your strength (+6).
   SH:        It affects your SH (+5).
 R - a ring of resist corrosion (left hand)
 U - the amulet "Pyucouco" {rC+ Regen+}
   (You found it on level 10 of the Dungeon)

   [amulet of regeneration]

   rC:        It protects you from cold.
   Regen:     It increases your rate of health regeneration.
 X - the ring of Polytheism (right hand) {Will+ MP+9 Str+2}
   (You found it in an ice cave)

   [ring of willpower]

   Str:       It affects your strength (+2).
   MP:        It affects your magic capacity (+9).
   Will:      It increases your willpower.
Scrolls
 f - a scroll of acquirement
 g - 2 scrolls of fear
 i - 2 scrolls of blinking
 n - a scroll of magic mapping
 t - a scroll of teleportation
 w - a scroll of brand weapon {unknown}
 K - a scroll of immolation
Potions
 e - 6 potions of flight
 l - 5 potions of curing
 q - a potion of berserk rage
 r - a potion of heal wounds
 v - a potion of resistance
 z - a potion of might
 G - a potion of experience
 I - 2 potions of haste {unknown}
 S - a potion of lignification {unknown}


   Skills:
 + Level 14.1(19.1) Fighting
 + Level 16.7(21.7) Long Blades
 + Level 16.4(21.4) Armour
 + Level 3.2(8.2) Dodging
 + Level 1.4(6.4) Stealth
 + Level 12.4(17.4) Shields
 + Level 1.1 Invocations
 + Level 1.1 Evocations


You had 13 spell levels left.
You didn't know any spells.
Your spell library contained the following spells:

 Spells                   Type           Power      Damage    Failure   Level
 Apportation              Tloc           0%         N/A       89%         1
 Sandblast                Erth           0%         2d4       89%         1
 Ensorcelled Hibernation  Hex/Ice        0%         N/A       96%         2
 Passwall                 Tmut/Erth      0%         N/A       96%         2
 Sublimation of Blood     Necr           0%         N/A       96%         2
 Conjure Flame            Conj/Fire      0%         6-21      99%         3
 Ignite Poison            Fire/Tmut/Pois 0%         N/A       99%         3
 Spider Form              Tmut/Pois      0%         N/A       99%         3
 Stone Arrow              Conj/Erth      0%         3d7       99%         3
 Anguish                  Hex/Necr       0%         N/A       100%        4
 Passage of Golubria      Tloc           0%         N/A       100%        4
 Petrify                  Tmut/Erth      0%         N/A       100%        4
 Sticky Flame             Conj/Fire      0%         2d3       100%        4
 Alistair's Intoxication  Tmut/Pois      0%         N/A       100%        5
 Irradiate                Conj/Tmut      0%         3d13      100%        5
 Silence                  Hex/Air        0%         N/A       100%        5
 Lehudib's Crystal Spear  Conj/Erth      0%         10d2      100%        8


Dungeon Overview and Level Annotations

Branches:
Dungeon (12/15)            Temple (1/1) D:5            Lair (4/6) D:10
 Shoals (0/4) Lair:3        Snake (0/4) Lair:2          Orc (2/2) D:10
  Sewer (visited)           IceCv (visited)
    Elf: Orc:2

Altars:
Ashenzari
Dithmenos
Elyvilon
Fedhas
Gozag
Hepliaklqana
Kikubaaqudgha
Makhleb
Nemelex Xobeh
Okawaru
Qazlal
Ru
Sif Muna
Trog
Uskayaw
Vehumet
Wu Jian
Xom
Yredelemnul
Zin
The Shining One
Jiyva
Lugonu

Annotations:
D:12 Casa
Lair:3 6 runed translucent doors


Innate Abilities, Weirdness & Mutations

You have a pair of horns on your head.
You reflexively headbutt those who attack you in melee.


Message History

The orc warrior is moderately wounded.
You feel sick.
The vampire bat bites you but does no damage.
You block the orc warrior's attack. x2
Unknown command.
You slice the orc high priest!! You headbutt the orc high priest!
The orc high priest is severely wounded.
The orc high priest utters an invocation to Beogh.
You block the orc warrior's attack.
Unknown command.
You gain the combat prowess of a mighty hero.
You feel sick. You block the vampire bat's attack. x2
The orc warrior hits you with a +0 flail.
* * * LOW HITPOINT WARNING * * *
The orc high priest hits you with a +0 battleaxe.
* * * LOW HITPOINT WARNING * * *
The orc warrior barely misses you.
You completely miss the orc high priest.
The orc high priest is heavily wounded.
You feel sick. You block the vampire bat's attack.
You block the orc warrior's attack.
An orc warrior comes into view. It is wielding a +0 flail.
Unknown command.
The orc warrior shouts!
You slash the orc high priest! You drain the orc high priest.
The orc high priest is almost dead.
You feel sick.
A bat comes into view.
The orc high priest hits you but does no damage.
The vampire bat bites you but does no damage.
The orc warrior hits you but does no damage.
You block the orc warrior's attack.
You slice the orc high priest!!
You kill the orc high priest!
Okawaru accepts your kill.
You feel sick. You block the vampire bat's attack.
The orc warrior hits you from afar with a +0 trident!
* * * LOW HITPOINT WARNING * * *
The orc warrior hits you with a +0 flail!
You die...

#.....##....).#....
#.......#...........
#......####....^.....
#.......###.).........
##..........).........
#...................
.........))b##....
#......).oo.# $...
#.......ยง.#@## .#.
###.....o###o#
#........o..#
#..........o.#
#.............
......o.....#b##
..........oo..#
.P..... ..


..PoPo. .. You could see 3 orc warriors, an orc wizard (strong), a vampire bat
and a bat.

Vanquished Creatures
  Gastronok (Orc:1)
  Fannar (Orc:2)
  The ghost of snonkus the Carver, a journeyman GrBe of Trog (D:10)
  Harold (D:8)
  2 hydras
  2 boulder beetles (D:12)
  An ice dragon (IceCv)
  Erica (D:11)
  3 two-headed ogres
  2 death yaks (D:10)
  An orc high priest (Orc:2)
  Sonja (Lair:4)
  A glowing orange brain (D:10)
  A deep elf pyromancer (D:12)
  2 orc sorcerers (Orc:2)
  2 ugly things (D:12)
  3 manticores
  5 elephants (Lair:2)
  A black mamba (Lair:1)
  2 ice statues (IceCv)
  4 cane toads
  Joseph (D:8)
  Maggie (D:7)
  2 torpor snails
  7 rime drakes
  8 komodo dragons
  An efreet (D:12)
  An unseen horror (D:11)
  2 ice devils (D:12)
  A queen bee (D:9)
  A troll (D:12)
  A hornet (D:10)
  A tarantella (Lair:3)
  9 blink frogs
  Grinder (D:3)
  Prince Ribbit (D:7)
  2 slime creatures (D:10)
  A jumping spider (Lair:3)
  63 yaks
  Sigmund (D:2)
  3 shadows (D:10)
  9 wyverns (Lair:4)
  A wraith (D:11)
  7 basilisks
  Grum (D:8)
  2 redbacks (Lair:3)
  A steam dragon (D:7)
  2 vampire mosquitoes (D:11)
  A warg (Orc:1)
  3 nagas (Lair:2)
  4 acid dragons
  9 water moccasins
  8 orc warriors
  A hell hound (Lair:4)
  3 black bears
  A sky beast (D:6)
  6 ogres
  10 wolves
  7 centaurs
  2 kobold brigands
  3 gnoll sergeants
  2 scorpions
  2 bullfrogs
  3 lindwurm simulacra (IceCv)
  29 killer bees
  4 troll zombies (D:10)
  10 wights
  3 jellies
  9 howler monkeys
  2 electric eels
  A bullfrog zombie (D:6)
  2 centaur zombies
  6 komodo dragon simulacra (IceCv)
  A centaur skeleton (D:7)
  Crazy Yiuf (D:7)
  A hound (D:4)
  12 orc priests
  2 iguanas
  10 orc wizards
  7 hell rats (Lair:4)
  2 ogre zombies (D:10)
  13 gnolls
  8 acid dragon simulacra (IceCv)
  8 adders
  3 river rats
  A shadow imp (D:10)
  4 steam dragon simulacra (IceCv)
  An ufetubus (D:7)
  2 worms
  3 dart slugs
  25 orcs
  5 endoplasms
  4 giant cockroaches
  10 goblins
  9 hobgoblins
  6 jackals
  12 kobolds
  2 quokkas (D:2)
  6 ball pythons
  3 bats
  3 frilled lizards
  2 goblin skeletons (D:10)
  2 goblin zombies (D:10)
  2 hobgoblin skeletons (D:10)
  3 hobgoblin zombies (D:10)
  2 orc skeletons (D:10)
  8 orc zombies (D:10)
  11 rats
  A spectral orc (D:4)
495 creatures vanquished.

Vanquished Creatures (others)
  2 bats (Orc:2)
  2 bushes (Lair:4)
  18 fungi
  39 plants
61 creatures vanquished.

Grand Total: 556 creatures vanquished

Notes
Turn   | Place    | Note
-------+----------+-------------------------------------------
     0 | D:1      | Peloso the Minotaur Fighter began the quest for the Orb.
     0 | D:1      | Reached XP level 1. HP: 19/19 MP: 0/0
   111 | D:1      | Reached XP level 2. HP: 19/27 MP: 1/1
   593 | D:1      | Found a faded altar of an unknown god.
   660 | D:2      | Reached XP level 3. HP: 32/33 MP: 2/2
  1179 | D:2      | Noticed Sigmund
  1190 | D:2      | Killed Sigmund
  1191 | D:2      | Reached skill level 5 in Armour
  1191 | D:2      | Reached skill level 1 in Dodging
  1191 | D:2      | Reached XP level 4. HP: 19/41 MP: 3/3
  1191 | D:2      | Reached XP level 5. HP: 22/47 MP: 4/4
  1359 | D:2      | You fall into a shaft and drop 2 floors!
  1359 | D:4      | Found a glowing drain.
  1396 | Sewer    | Entered a sewer
  1635 | Sewer    | Reached XP level 6. HP: 53/53 MP: 5/5
  2155 | Sewer    | Found a white marble altar of Elyvilon.
  3052 | D:3      | Found an ancient bone altar of Kikubaaqudgha.
  3116 | D:3      | Reached skill level 5 in Long Blades
  3334 | D:3      | Noticed Grinder
  3335 | D:3      | Paralysed by Grinder for 5 turns
  3357 | D:3      | Killed Grinder
  3358 | D:3      | Reached skill level 5 in Fighting
  3358 | D:3      | Reached skill level 5 in Shields
  3358 | D:3      | Reached XP level 7. HP: 41/61 MP: 6/6
  3602 | D:3      | Found a glowing golden altar of the Shining One.
  3612 | D:3      | Found a basalt altar of Yredelemnul.
  3892 | D:3      | Found an ornate altar of the Wu Jian Council.
  4102 | D:3      | Identified the +7 long sword of the Twelve Mice {drain,
                  | Dex+5}
  4518 | D:4      | Identified the +6 spear of the Shoals {spect, rElec Will+}
  4648 | D:4      | Found a hazy altar of Hepliaklqana.
  4889 | D:4      | Found a shadowy altar of Dithmenos.
  4937 | D:5      | Entered Level 5 of the Dungeon
  5197 | D:5      | Reached XP level 8. HP: 69/69 MP: 7/7
  5285 | D:5      | Found a staircase to the Ecumenical Temple.
  5333 | Temple   | Entered the Ecumenical Temple
  5347 | Temple   | Became a worshipper of Warmaster Okawaru
  5643 | D:5      | Found a radiant altar of Vehumet.
  5866 | D:6      | Found a burning altar of Makhleb.
  6043 | D:6      | Reached * piety under Okawaru
  6222 | D:6      | Found a sparkling altar of Nemelex Xobeh.
  6613 | D:7      | Reached XP level 9. HP: 64/77 MP: 8/8
  6793 | D:7      | Paralysed by a gnoll sergeant for 6 turns
  6801 | D:7      | Reached skill level 10 in Long Blades
  7207 | D:7      | Reached ** piety under Okawaru
  7210 | D:7      | Noticed Maggie
  7213 | D:7      | Noticed Prince Ribbit
  7225 | D:7      | Killed Maggie
  7239 | D:7      | Killed Prince Ribbit
  7510 | D:7      | Found a runed translucent door.
  7511 | D:7      | Noticed Crazy Yiuf
  7516 | D:7      | Killed Crazy Yiuf
  8279 | D:8      | Noticed Harold
  8286 | D:8      | Reached *** piety under Okawaru
  8294 | D:8      | Killed Harold
  8295 | D:8      | Reached XP level 10. HP: 39/88 MP: 9/9
  8651 | D:8      | Found a blossoming altar of Fedhas.
  8798 | D:8      | Noticed Joseph
  8808 | D:8      | Killed Joseph
  8808 | D:8      | Reached **** piety under Okawaru
  9211 | D:8      | Reached skill level 10 in Armour
  9355 | D:8      | Noticed Grum
  9386 | D:8      | Killed Grum
  9852 | D:8      | Identified 2 scrolls of acquirement
 10383 | D:9      | Reached ***** piety under Okawaru
 10486 | D:9      | Found a glowing silver altar of Zin.
 10492 | D:9      | Found a sacrificial altar of Ru.
 10520 | D:9      | Reached skill level 1 in Stealth
 10539 | D:9      | Reached XP level 11. HP: 95/95 MP: 10/10
 10573 | D:9      | Received a gift from Okawaru
 11023 | D:9      | Found a shimmering blue altar of Sif Muna.
 11024 | D:9      | Found a bloodstained altar of Trog.
 11439 | D:10     | Entered Level 10 of the Dungeon
 11751 | D:10     | Found a staircase to the Orcish Mines.
 11904 | D:10     | Found a staircase to the Lair.
 11907 | D:10     | Noticed a death yak
 11917 | D:10     | Noticed a death yak
 11925 | D:10     | Killed a death yak
 11931 | D:10     | Killed a death yak
 11931 | D:10     | Received a gift from Okawaru
 12692 | D:10     | Noticed a two-headed ogre
 12699 | D:10     | Killed a two-headed ogre
 12739 | D:10     | Paralysed by a hornet for 2 turns
 13006 | D:10     | Found a runed translucent gate.
 13007 | D:10     | Found a runed translucent gate.
 13007 | D:10     | Noticed a glowing orange brain
 13008 | D:10     | Found a runed translucent gate.
 13009 | D:10     | Noticed snonkus's ghost (journeyman GrBe)
 13011 | D:10     | Found a viscous altar of Jiyva.
 13145 | D:10     | Found a broken altar of Ashenzari.
 13259 | D:11     | Received a gift from Okawaru
 13296 | D:11     | Noticed a two-headed ogre
 13302 | D:11     | Noticed Erica
 13305 | D:11     | Killed a two-headed ogre
 13305 | D:11     | Identified the +1 robe of Itirroa {rF- rC- rN+++ MP+9}
                  | (Okawaru gifted it to you on level 11 of the Dungeon)
 13305 | D:11     | Received a gift from Okawaru
 13317 | D:11     | Killed Erica
 13318 | D:11     | Reached skill level 15 in Long Blades
 14126 | D:11     | Found a glowing silver altar of Zin.
 14247 | Lair:1   | Entered Level 1 of the Lair of Beasts
 14567 | Lair:1   | Reached skill level 10 in Fighting
 14567 | Lair:1   | Reached XP level 12. HP: 77/106 MP: 11/11
 15234 | Lair:1   | Reached skill level 10 in Shields
 15745 | Lair:2   | Identified the +2 buckler of Xoseju {Rampage rC- Str+5}
 15835 | Lair:2   | Found a staircase to the Snake Pit.
 16038 | Lair:2   | You fall into a shaft and drop 2 floors!
 16062 | Lair:4   | Identified the +8 falchion "Amnirgha" {freeze, rC+ Will-
                  | Int+7}
 16314 | Lair:4   | Noticed Sonja
 16325 | Lair:4   | Killed Sonja
 16812 | Lair:4   | Reached ****** piety under Okawaru
 16898 | Lair:4   | Received a gift from Okawaru
 17097 | Lair:4   | Noticed an eight-headed hydra
 17119 | Lair:4   | Killed a seven-headed hydra
 17125 | Lair:4   | Reached skill level 1 in Evocations
 17193 | Lair:4   | HP: 5/107 [wyvern (5)]
 18180 | Lair:3   | Reached XP level 13. HP: 67/117 MP: 12/12
 19431 | Lair:3   | Found a runed translucent door.
 19753 | Lair:3   | Found a runed translucent gate.
 19753 | Lair:3   | Found a runed translucent gate.
 19753 | Lair:3   | Found a runed translucent gate.
 19753 | Lair:3   | Found a runed translucent gate.
 19753 | Lair:3   | Found a runed translucent gate.
 19753 | Lair:3   | Found a runed translucent gate.
 19834 | Lair:3   | Found a staircase to the Shoals.
 20056 | Lair:2   | Reached skill level 15 in Armour
 20086 | Lair:2   | Identified the +1 chain mail of Boakhuaxt {-Tele rN+ Dex+3
                  | SInv} (Okawaru gifted it to you on level 2 of the Lair of
                  | Beasts)
 20086 | Lair:2   | Received a gift from Okawaru
 21010 | D:10     | Killed snonkus's ghost
 21277 | D:10     | Identified the amulet "Pyucouco" {rC+ Regen+}
 21409 | D:12     | Reached skill level 1 in Invocations
 21473 | D:12     | Found a frozen archway.
 21496 | IceCv    | Entered an ice cave
 21600 | IceCv    | Acquired 1145 gold pieces
 21862 | IceCv    | Identified the ring of Polytheism {Will+ MP+9 Str+2}
 21870 | IceCv    | Identified the amulet "Veisal" {Reflect Str+6 SH+5}
 22494 | D:12     | Received a gift from Okawaru
 22687 | D:12     | Reached XP level 14. HP: 97/130 MP: 13/13
 23855 | Orc:1    | Entered Level 1 of the Orcish Mines
 24073 | Orc:1    | Noticed Gastronok
 24094 | Orc:1    | Killed Gastronok
 24407 | Orc:2    | Entered Level 2 of the Orcish Mines
 24409 | Orc:2    | Noticed Fannar
 24418 | Orc:2    | Killed Fannar
 24509 | Orc:2    | Slain by an orc warrior

Illustrated notes

Levels and vault maps discovered:
D:1:      lightli_arrival_boilingwater, layout_rooms,
          shapermc_ecumenical_altar_petra
D:2:      layout_loops_corners, uniq_sigmund
D:3:      layout_basic, grunt_temple_overflow_holy_war, lemuel_tele_altar,
          nicolae_wu_jian_glorious_leap, uniq_grinder
D:4:      layout_cave_pools, grunt_dithmenos_smoke,
          nicolae_hepliaklqana_monster_ancestors, gup_sewer_entry_glass
D:5:      layout_loops_corners, mainiacjoe_overflow_chevrons,
          minmay_temple_entry_statues_fountains
D:6:      layout_gridville, nemelex_spade_bored_becter, bloody_makhleb
D:7:      layout_cave_pods, kennysheep_decorative_pillar,
          minmay_misc_feat_roman, st_stairs_6, serial_bayou_pond_b,
          uniq_prince_ribbit1, uniq_crazy_yiuf_cottage, uniq_maggie
D:8:      layout_loops_cross, fedhas_altar_3, nicolae_water_bricks, uniq_harold,
          uniq_grum, uniq_joseph
D:9:      layout_gridville, nicolae_overflow_hidden_temple, special_room
          [special_room_bee]
D:10:     layout_basic, general_overflow_altar, dpeg_lair_monsters,
          zombieorc1_lemuel, gammafunk_ghost_ooze, moated_statue,
          kennysheep_generic_room_16
D:11:     layout_irregular_city, zin_statuary, uniq_erica
D:12:     layout_stronghold, portal_ice_cave_demonic_guard
Temple:   corrupted_temple
Lair:1:   layout_regular_city, beast_lair_carwin_1, serial_bayou_shore_a
Lair:2:   layout_regular_city, minmay_snake_entry_guardpost_small,
          lemuel_fruit_tree, grunt_megastairs_4
Lair:3:   gammafunk_indiana_jones, layout_concentric_octagons,
          minmay_shoals_entry_beasts, grunt_forest_stairs_basic
Lair:4:   layout_cave_pods, special_room [special_room_mythical_zoo],
          serial_bayou_pond_a, nicolae_lair_grazing_beasts
          [nicolae_sub_lair_graze_edge, nicolae_sub_lair_graze_edge,
          nicolae_sub_lair_graze_edge, nicolae_sub_lair_graze_edge], uniq_sonja
Orc:1:    layout_caves, uniq_gastronok, uniq_fannar
Orc:2:    grunt_orc_gardens, layout_diamond_mine, grunt_orc_garden,
          grunt_orc_garden, grunt_orc_garden, grunt_orc_garden, roderic_batcave,
          nicolae_orc_stony_grotto

Skill      XL: |  1  2  3  4  5  6  7  8  9 10 11 12 13 14 |
---------------+-------------------------------------------+-----
Shields        | 4 5 6 7 8 9 11 12 | 12.4
Fighting       | 4 5 6 8 10 11 13 14 | 14.1
Armour         | 4 5 6 7 8 9 11 12 14 16 | 16.4
Long Blades    | 4 5 7 9 11 13 15 16 | 16.7
Dodging        | 1 2 3 |  3.2
Stealth        | 1 |  1.4
Evocations     | 1 |  1.1
Invocations    | 1 |  1.1

Action                   |  1- 3 |  4- 6 |  7- 9 | 10-12 | 13-15 || total
-------------------------+-------+-------+-------+-------+-------++-------
Melee: Long sword        |    86 |    91 |   217 |   623 |   348 ||  1365
       Headbutt          |     9 |    17 |    34 |   144 |   125 ||   329
       Scimitar          |       |       |       |     3 |   117 ||   120
Invok: Heroism           |       |       |       |     3 |     5 ||     8
Evoke: Wand              |       |       |       |     8 |     4 ||    12
  Use: Potion            |     1 |       |     1 |     6 |     2 ||    10
       Scroll            |       |       |     9 |     6 |    10 ||    25
Armor: Scale mail        |    43 |    35 |       |       |       ||    78
       Plate armour      |       |     9 |   161 |   324 |   221 ||   715
Dodge: Dodged            |    37 |    53 |    96 |   176 |   110 ||   472
Block: Buckler           |    23 |    36 |    68 |   173 |   159 ||   459
       Reflection        |       |       |       |       |     2 ||     2
